 Dungeon Crawl Stone Soup version 0.31-a0-358-gac0dbeb3ab (webtiles) character file.

Game seed: 11895686973877131407

127 AIAndy the Magician (level 5, -2/35 HPs)
             Began as a Djinni Fire Elementalist on July 26, 2023.
             Killed by divine providence
             ... invoked by an orc priest
              (12 damage)
             ... on level 3 of the Dungeon.
             The game lasted 00:05:40 (2435 turns).

AIAndy the Magician (Djinni Fire Elementalist)      Turns: 2435, Time: 00:05:42

Health: -2/35      AC:  3    Str:  7    XL:     5   Next: 33%
Gold:   69         EV: 12    Int: 18    God:
                   SH:  0    Dex: 14

rFire   + + .        (no weapon)
rCold   x . .        (no shield)
rNeg    + . .        a - +0 robe
rPois   ∞            s - +0 helmet
rElec   .            (no cloak)
rCorr   .            (no gloves)
SInv    .            (boots unavailable)
Will    .....        f - amulet of the acrobat
Stlth   ++           N - ring of positive energy
HPRegen 0.25/turn    (no ring)
MPRegen 0.00/turn

%: acrobat, infuse magic (-3 HP)
@: flying
A: sickness immunity, fire resistance 2, cold vulnerability 1, float, innate
caster, HP casting, extra vitality 1
a: no special abilities


You were on level 3 of the Dungeon.
You visited 1 branch of the dungeon, and saw 3 of its levels.

You collected 181 gold pieces.
You spent 112 gold pieces at shops.


Innate Abilities, Weirdness & Mutations

You are immune to sickness and miasma.
You are immune to poison.
Your flesh is very heat resistant. (rF++)
You are vulnerable to cold. (rC-)
You float through the air rather than walking.
You learn spells naturally, not from books.
Your magical power is your life essence.
You have superior vitality. (+4 MHP)


   Skills:
 - Level 2.1 Dodging
 - Level 1.5 Stealth
 + Level 4.6 Spellcasting
 + Level 4.6 Conjurations
 + Level 4.6 Hexes
 + Level 4.6 Summonings
 + Level 4.6 Necromancy
 + Level 4.6 Translocations
 + Level 4.6 Transmutations
 + Level 4.6 Fire Magic
 + Level 4.6 Ice Magic
 + Level 4.6 Air Magic
 + Level 4.6 Earth Magic
 + Level 4.6 Poison Magic


You knew the following spells:

 Your Spells              Type           Power      Damage    Failure   Level
a - Flame Wave            Conj/Fire      20%        2d7       21%         4
b - Necrotise             Necr           80%        1d8       1%          1
c - Wereblood             Tmut           20%        N/A       3%          2
f - Inner Flame           Hex/Fire       20%        N/A       6%          3
X - Foxfire               Conj/Fire      80%        2x1d8     1%          1
Y - Scorch                Fire           40%        2d7       3%          2
Z - Volatile Blastmotes   Fire/Tloc      40%        2d13      6%          3
Your spell library was empty.

Inventory:

Armour
 a - a +0 robe (worn)
 c - a +2 ring mail of cold resistance
 s - a +0 helmet (worn)
Jewellery
 f - an amulet of the acrobat (around neck)
 N - a ring of positive energy (left hand)
Scrolls
 b - a scroll of fog {unknown}
 d - 3 scrolls of identify {unknown}
 g - a scroll of acquirement {unknown}
 j - a scroll of revelation {unknown}
 l - a scroll of fear {unknown}
 m - a scroll of blinking {unknown}
 o - a scroll of noise {unknown}
 p - a scroll of poison {unknown}
Potions
 e - 2 potions of brilliance {unknown}
 h - 2 potions of degeneration {unknown}
 i - a potion of heal wounds {@q2}
 k - 2 potions of curing {@q1}
 n - a potion of attraction {unknown}
 q - a potion of magic {unknown}
 r - a potion of haste {unknown}

Dungeon Overview and Level Annotations

Branches:
Dungeon (3/15)

Altars:

Shops:
D:2

! #########.#
#...###..........#
#.#
#................#
#.#
#................##
#.#
#.......######.....
### #.......# #.....
#.#o#############
#..... #..o.o..#
#.....
#.##############>....
#o{)@................
#################....
...............
.##########....
#...........
#.........##
#.......).#
#.........#
#.....)...#


You could see an orc priest.


Message History

Confirm with . or Enter, or press ? or * to list all spells.
Flames lash the orc priest.
The orc priest is moderately wounded.
The orc priest's fire resistance burns away.
The orc misses you. The orc completely misses you.
Casting: Scorch (safe; 3% risk of failure)
Confirm with . or Enter, or press ? or * to list all spells.
Flames lash the orc.
You kill the orc!
The orc priest casts a cantrip, but nothing happens.
The orc priest is no longer more vulnerable to fire.
The orc priest calls down the wrath of Beogh upon you.
Beogh smites you!
* * * LOW HITPOINT WARNING * * *
The orc completely misses you.
The orc wizard gestures wildly while chanting.
The orc wizard flickers and vanishes!
Deactivating autopickup; reactivate with Ctrl-A.
Okay, then.
You aren't carrying any items that you can evoke.
Unknown command.
Casting: Scorch (safe; 3% risk of failure)
Confirm with . or Enter, or press ? or * to list all spells.
Flames lash the orc.
You kill the orc!
* * * LOW HITPOINT WARNING * * *
The orc priest mumbles some strange prayers to Beogh against you.
Beogh smites you!
You die...

Skill      XL: |  1  2  3 |
---------------+----------+-----
Spellcasting   | 4 |  4.6
Conjurations   | 4 |  4.6
Hexes          | 4 |  4.6
Summonings     | 4 |  4.6
Necromancy     | 4 |  4.6
Translocations | 4 |  4.6
Transmutations | 4 |  4.6
Fire Magic     | 4 |  4.6
Ice Magic      | 4 |  4.6
Air Magic      | 4 |  4.6
Earth Magic    | 4 |  4.6
Poison Magic   | 4 |  4.6
Dodging        | |  2.1
Stealth        | |  1.5

Action                     |  1- 3 |  4- 6 || total
---------------------------+-------+-------++-------
   Cast: Foxfire           |    55 |    31 ||    86
         Scorch            |    11 |    11 ||    22
 Armour: Robe              |     1 |     1 ||     2
  Dodge: Dodged            |     1 |     6 ||     7

Levels and vault maps discovered:
D:1:      mainiacjoe_arrival_reflecting_pool, layout_basic, amethyst_killhole
D:2:      kennysheep_six_static_rooms, layout_loops_ring,
          ebering_ecumenical_altar_webs, serial_shops, shop, st_stairs_6
D:3:      layout_basic, uniq_jessica

Notes
Turn   | Place    | Note
-------+----------+-------------------------------------------
     0 | D:1      | Reached skill level 3 in Spellcasting
     0 | D:1      | Reached skill level 3 in Conjurations
     0 | D:1      | Reached skill level 3 in Hexes
     0 | D:1      | Reached skill level 3 in Summonings
     0 | D:1      | Reached skill level 3 in Necromancy
     0 | D:1      | Reached skill level 3 in Translocations
     0 | D:1      | Reached skill level 3 in Transmutations
     0 | D:1      | Reached skill level 3 in Fire Magic
     0 | D:1      | Reached skill level 3 in Ice Magic
     0 | D:1      | Reached skill level 3 in Air Magic
     0 | D:1      | Reached skill level 3 in Earth Magic
     0 | D:1      | Reached skill level 3 in Poison Magic
     0 | D:1      | AIAndy the Djinni Fire Elementalist began the quest for the
                  | Orb.
     0 | D:1      | AIAndy set off with the following spells memorised:
                  | Foxfire, Scorch, Volatile Blastmotes, Inner Flame, Flame
                  | Wave.
     0 | D:1      | Reached XP level 1. HP: 15/15 MP: 0/0
   144 | D:1      | Reached XP level 2. HP: 16/21 MP: 0/0
   457 | D:1      | Reached XP level 3. HP: 20/25 MP: 0/0
   457 | D:1      | Learned a level 1 spell: Necrotise
   968 | D:2      | Found a faded altar of an unknown god.
  1192 | D:2      | Found Tick's Distillery.
  1200 | D:2      | Bought a potion of heal wounds for 70 gold pieces
  1459 | D:2      | Reached skill level 4 in Spellcasting
  1459 | D:2      | Reached skill level 4 in Conjurations
  1459 | D:2      | Reached skill level 4 in Hexes
  1459 | D:2      | Reached skill level 4 in Summonings
  1459 | D:2      | Reached skill level 4 in Necromancy
  1459 | D:2      | Reached skill level 4 in Translocations
  1459 | D:2      | Reached skill level 4 in Transmutations
  1459 | D:2      | Reached skill level 4 in Fire Magic
  1459 | D:2      | Reached skill level 4 in Ice Magic
  1459 | D:2      | Reached skill level 4 in Air Magic
  1459 | D:2      | Reached skill level 4 in Earth Magic
  1459 | D:2      | Reached skill level 4 in Poison Magic
  1459 | D:2      | Reached XP level 4. HP: 28/31 MP: 0/0
  1636 | D:2      | Bought a potion of curing for 42 gold pieces
  1766 | D:3      | Noticed Jessica
  1774 | D:3      | Killed Jessica
  2217 | D:3      | Reached XP level 5. HP: 33/35 MP: 0/0
  2217 | D:3      | Learned a level 2 spell: Wereblood
  2435 | D:3      | Killed from afar by an orc priest

Vanquished Creatures
  Jessica (D:3)
  An orc wizard (D:3)
  2 gnolls
  An adder (D:2)
  A worm (D:2)
  3 orcs (D:3)
  4 endoplasms
  A giant cockroach (D:3)
  6 goblins
  2 hobgoblins
  8 jackals
  A kobold (D:1)
  2 quokkas
  A bat (D:1)
  3 frilled lizards
  6 rats
43 creatures vanquished.

Vanquished Creatures (others)
  134 foxfires
134 creatures vanquished.

Grand Total: 177 creatures vanquished

Table legend: (Time is in decaauts)
 A = Elapsed time spent in this place.
 B = Non-inter-level travel time spent in this place.
 C = Inter-level travel time spent in this place.
 D = Time resting spent in this place.
 E = Time spent auto-exploring this place.
 F = Levels seen in this place.
 G = Mean time per level.
                   A        B        C        D        E       F      G
               +--------+--------+--------+--------+--------+-----+--------+
         Total |   2434 |   2360 |     74 |      0 |   2061 |   3 |  811.3 |
       Dungeon |   2434 |   2360 |     74 |      0 |   2061 |   3 |  811.3 |
               +--------+--------+--------+--------+--------+-----+--------+

Top non-repeatable levels by time:
     D:2: 925 daAuts
     D:3: 783 daAuts
     D:1: 725 daAuts

Table legend:
 A = Non-vault XP
 B = Vault XP
 C = Vault XP percentage of total XP
 D = Non-vault monster count
 E = Vault monster count
 F = Vault count percentage of total count
                 A         B        C        D         E       F
            +---------+---------+-------+---------+---------+-------
      Total |     125 |      60 |  32.4 |      35 |       8 |  18.6
            +---------+---------+-------+---------+---------+-------
        D:1 |      32 |       0 |   0.0 |      12 |       0 |   0.0
        D:2 |      28 |      23 |  45.1 |       8 |       7 |  46.7
        D:3 |      65 |      37 |  36.3 |      15 |       1 |   6.2
            +---------+---------+-------+---------+---------+-------
